 Dungeon Crawl Stone Soup version 0.27.1-34-g3ba077fa99 (webtiles) character file.

Game seed: 18043606206091069092

24 lonewolfV2 the Cudgeller (level 2, 0/22 HPs)
             Began as a Demonspawn Gladiator on Jan 5, 2022.
             Slain by a kobold (2 damage)
             ... on level 2 of the Dungeon.
             The game lasted 00:02:33 (1061 turns).

lonewolfV2 the Cudgeller (Demonspawn Gladiator)     Turns: 1061, Time: 00:02:34

Health: 0/22       AC:  4    Str:  9    XL:     2   Next: 79%
Magic:  2/2        EV: 10    Int:  9    God:
Gold:   51         SH:  8    Dex: 21    Spells: 1/1 levels left

rFire    . . .     SeeInvis .   a - +0 flail
rCold    . . .     Faith    .   f - +1 kite shield of the Miller {Str-5 Dex+7}
rNeg     . . .     Spirit   .   b - +0 leather armour
rPois    .         Reflect  .   c - +0 helmet
rElec    .         Harm     .   (no cloak)
rCorr    .         Rampage  .   (no gloves)
Will     .....                  (no boots)
Stlth    ++........             (no amulet)
HPRegen  0.07/turn              (no ring)
MPRegen  0.16/turn              (no ring)

@: no status effects
A: magic regeneration
a: no special abilities


You were on level 2 of the Dungeon.
You visited 1 branch of the dungeon, and saw 2 of its levels.

You collected 51 gold pieces.

Inventory:

Hand Weapons
 a - a +0 flail (weapon)
Missiles
 d - 3 throwing nets (quivered)
Armour
 b - a +0 leather armour (worn)
 c - a +0 helmet (worn)
 f - the +1 kite shield of the Miller (worn) {Str-5 Dex+7}
   (You acquired it on level 1 of the Dungeon)

   Str:       It affects your strength (-5).
   Dex:       It affects your dexterity (+7).
Scrolls
 i - a scroll of enchant armour {unknown}
Potions
 e - a potion of heal wounds {unknown}
 g - a potion of attraction {unknown}
 h - a potion of brilliance {unknown}


   Skills:
 + Level 2.2 Fighting
 + Level 3.2 Maces & Flails
 + Level 2.0 Throwing
 + Level 0.1 Armour
 + Level 2.8 Dodging


You had one spell level left.
You didn't know any spells.
Your spell library was empty.

Dungeon Overview and Level Annotations

Branches:
Dungeon (2/15)

Altars:


Innate Abilities, Weirdness & Mutations

You regenerate magic rapidly.


Message History

You miss the adder. You block the adder's attack.
You block the kobold's attack. The adder barely misses you.
The kobold hits you with a +0 dagger.
You miss the adder. The adder bites you but does no damage.
The adder closely misses you. The kobold hits you with a +0 dagger.
You sock the adder!
The adder is severely wounded.
The adder barely misses you. You block the kobold's attack.
The adder barely misses you. The kobold misses you.
You miss the adder.
The adder is severely wounded.
You block the adder's attack. The adder closely misses you.
The kobold hits you but does no damage.
You barely miss the adder.
The adder is severely wounded.
The adder bites you. You block the kobold's attack.
The adder closely misses you. The kobold closely misses you.
You hit the adder.
The adder is almost dead.
The adder completely misses you. You block the kobold's attack.
The adder barely misses you.
You closely miss the adder.
The adder is almost dead.
The adder bites you. The kobold barely misses you. The adder bites you.
The kobold completely misses you.
You closely miss the adder.
The adder is almost dead.
The adder closely misses you. You block the kobold's attack.
The adder bites you.
* * * LOW HITPOINT WARNING * * *
Your shield prevents you from hitting the adder.
The adder is almost dead.
The adder barely misses you. The kobold hits you with a +0 dagger.
* * * LOW HITPOINT WARNING * * *
You block the adder's attack. The kobold hits you with a +0 dagger.
* * * LOW HITPOINT WARNING * * *
You hit the adder.
You kill the adder!
The kobold hits you with a +0 dagger.
You die...

#.# #....... .....#
#.# #....... ......#
#.###...####
.......######.....###
..<........>...####
.........####.##
.......#.# #†#
......K..####.#
.....#@......# .#
...........##.#...#
.......###........#
....... ####.....#
....... #.#...#
$...... #.#.<.#
......# #.#...#
.....# #.# ### ...


You could see a kobold.

Vanquished Creatures
  An adder (D:2)
  6 endoplasms
  5 giant cockroaches
  3 hobgoblins
  2 bats (D:1)
  A frilled lizard (D:1)
  A goblin (D:2)
  A kobold (D:1)
  A rat (D:1)
21 creatures vanquished.

Notes
Turn   | Place    | Note
-------+----------+-------------------------------------------
     0 | D:1      | lonewolfV2 the Demonspawn Gladiator began the quest for the
                  | Orb.
     0 | D:1      | Reached XP level 1. HP: 16/16 MP: 1/1
   139 | D:1      | Reached skill level 3 in Maces & Flails
   161 | D:1      | Gained mutation: You regenerate magic rapidly. [demonic
                  | ancestry]
   161 | D:1      | Reached XP level 2. HP: 21/22 MP: 2/2
   308 | D:1      | Identified a scroll of acquirement
   308 | D:1      | Acquired the +1 kite shield of the Miller {Str-5 Dex+7}
  1061 | D:2      | Slain by a kobold

Illustrated notes

Levels and vault maps discovered:
D:1:      dpeg_arrival_tiny_a, layout_basic, minmay_fountain_box
D:2:      layout_rooms, hellmonk_ecumenical_altar_run_dry,
          serial_park_tiny_pond, minivault_4, kennysheep_generic_room_3,
          uniq_sigmund

Skill      XL: |  1  2 |
---------------+-------+-----
Maces & Flails | 3 |  3.2
Throwing       | 2 |  2.0
Fighting       | |  2.2
Armour         | |  0.1
Dodging        | |  2.8

Action                   || total
-------------------------++-------
Melee: Flail             ||    63
  Use: Scroll            ||     2
 Stab: Sleeping          ||     2
Armor: Leather armour    ||    27
Dodge: Dodged            ||    55
Block: Kite shield       ||    32
